 Dungeon Crawl Stone Soup version 0.28-a0-1404-g4df0f3684d (webtiles) character file.

Game seed: 10298920310084358666

128 HallandMoats the Skirmisher (level 4, -11/35 HPs)
             Began as a Demonspawn Fighter on Jan 5, 2022.
             Mangled by an ogre (14 damage)
             ... on level 4 of the Dungeon.
             The game lasted 00:02:32 (3121 turns).

HallandMoats the Skirmisher (Demonspawn Fighter)    Turns: 3121, Time: 00:02:32

Health: -11/35     AC:  9    Str: 17    XL:     4   Next: 86%
Magic:  5/5        EV:  9    Int:  9    God:
Gold:   108        SH:  5    Dex: 14    Spells: 3/3 levels left

rFire   . . .      SeeInvis .   a - +0 rapier
rCold   + . .      Faith    .   c - +0 buckler
rNeg    . . .      Spirit   .   b - +0 scale mail
rPois   .          Reflect  .   o - +0 helmet
rElec   .          Harm     .   (no cloak)
rCorr   .          Rampage  .   (no gloves)
Will    .....                   (no boots)
Stlth   ..........              (no amulet)
HPRegen 0.11/turn               k - ring of protection from cold
MPRegen 0.09/turn               (no ring)

@: mighty
A: powered by death 1, sharp scales 1
a: no special abilities


You were on level 4 of the Dungeon.
You visited 1 branch of the dungeon, and saw 4 of its levels.

You collected 108 gold pieces.

Inventory:

Hand Weapons
 a - a +0 rapier (weapon)
Armour
 b - a +0 scale mail (worn)
 c - a +0 buckler (worn)
 o - a +0 helmet (worn)
Jewellery
 k - a ring of protection from cold (left hand)
Scrolls
 e - 2 scrolls of noise {unknown}
 g - a scroll of vulnerability {unknown}
 h - 3 scrolls of identify {unknown}
 i - 2 scrolls of fog {unknown}
 m - a scroll of enchant weapon {unknown}
Potions
 d - a potion of might
 f - a potion of curing {unknown}
 j - a potion of lignification {unknown}
 l - a potion of attraction {unknown}
 n - a potion of mutation {unknown}
 p - a potion of heal wounds {unknown}


   Skills:
 * Level 3.4 Fighting
 + Level 2.2 Short Blades
 * Level 3.2 Armour
 * Level 1.5 Dodging
 * Level 3.3 Shields
 * Level 2.4 Invocations


You had 3 spell levels left.
You didn't know any spells.
Your spell library was empty.

Dungeon Overview and Level Annotations

Branches:
Dungeon (4/15)
 Temple: D:4-7

Altars:
Uskayaw


Innate Abilities, Weirdness & Mutations

You regenerate a little health from kills.
You are partially covered in razor-sharp scales. (AC +1, Slay +1)


Message History

h - 3 scrolls labelled RUCOW JONYM (gained 1)
A hobgoblin is nearby!
A hobgoblin is nearby!
A hobgoblin is nearby!
You see here a +0 leather armour.
A hobgoblin is nearby!
You hit the hobgoblin.
The hobgoblin is heavily wounded.
The hobgoblin hits you but does no damage.
A hobgoblin is nearby!
You completely miss the hobgoblin.
The hobgoblin is heavily wounded.
The hobgoblin closely misses you.
You hit the hobgoblin.
The hobgoblin is almost dead.
The hobgoblin barely misses you.
You barely miss the hobgoblin.
The hobgoblin is almost dead.
The hobgoblin barely misses you.
You hit the hobgoblin.
You kill the hobgoblin!
No target in view!
An ogre comes into view. It is wielding a +0 giant spiked club.
Found a square emerald amulet.
The ogre shouts!
An ogre is nearby!
An ogre is nearby!
An ogre is nearby!
An ogre is nearby!
You feel very mighty all of a sudden.
You barely miss the ogre.
The ogre hits you with a +0 giant spiked club!!
Ouch! That really hurt!
* * * LOW HITPOINT WARNING * * *
You barely miss the ogre. The ogre completely misses you.
You completely miss the ogre. The ogre barely misses you.
You puncture the ogre!
The ogre is moderately wounded.
The ogre hits you with a +0 giant spiked club!
You die...

###.<.....
..........
#....######.#
#.#####....<......#
#....†[...†...###.#
#..####...###.#
#...# .# #...# #
#..@#
........O......
.........?....#
....##........#
#.## #.#####..# #.
#.# "# .# # #


You could see an ogre.

Vanquished Creatures
  Robin (D:3)
  2 adders
  A worm (D:2)
  2 dart slugs
  3 orcs (D:3)
  4 ball pythons
  7 bats
  10 endoplasms
  3 giant cockroaches
  10 goblins
  11 hobgoblins
  8 jackals
  3 kobolds (D:1)
  4 quokkas
  4 frilled lizards
  4 rats
77 creatures vanquished.

Notes
Turn   | Place    | Note
-------+----------+-------------------------------------------
     0 | D:1      | HallandMoats the Demonspawn Fighter began the quest for the
                  | Orb.
     0 | D:1      | Reached XP level 1. HP: 18/18 MP: 1/1
   166 | D:1      | Gained mutation: You are partially covered in razor-sharp
                  | scales. (AC +1, Slay +1) [demonic ancestry]
   166 | D:1      | Reached XP level 2. HP: 11/24 MP: 2/2
   483 | D:1      | Reached skill level 1 in Invocations
   746 | D:1      | Gained mutation: You regenerate a little health from kills.
                  | [demonic ancestry]
   746 | D:1      | Reached XP level 3. HP: 29/29 MP: 3/3
  1234 | D:2      | Reached skill level 1 in Dodging
  1693 | D:2      | Found a faded altar of an unknown god.
  2011 | D:2      | Reached XP level 4. HP: 26/35 MP: 5/5
  2197 | D:3      | Found a hide-covered altar of Uskayaw.
  2609 | D:3      | Noticed Robin
  2625 | D:3      | Killed Robin
  3113 | D:4      | Noticed an ogre
  3121 | D:4      | Mangled by an ogre

Illustrated notes

Levels and vault maps discovered:
D:1:      minmay_arrival_shoal_huts, layout_loops_ring, minivault_5
D:2:      layout_loops_corners, ebering_ecumenical_altar_petrified
D:3:      layout_loops_ring, nicolae_uskayaw_dance_hall, uniq_robin
D:4:      layout_loops_ring, kennysheep_mini_moat

Skill      XL: |  1  2  3  4 |
---------------+-------------+-----
Invocations    | 1 2 |  2.4
Short Blades   | 2 |  2.2
Shields        | 3 |  3.3
Armour         | 3 |  3.2
Dodging        | 1 |  1.5
Fighting       | |  3.4

Action                   |  1- 3 |  4- 6 || total
-------------------------+-------+-------++-------
Melee: Rapier            |   133 |   108 ||   241
  Use: Potion            |       |     1 ||     1
Armor: Scale mail        |    62 |    36 ||    98
Dodge: Dodged            |    60 |    39 ||    99
Block: Buckler           |    30 |    26 ||    56

Table legend: (Time is in decaauts)
 A = Elapsed time spent in this place.
 B = Non-inter-level travel time spent in this place.
 C = Inter-level travel time spent in this place.
 D = Time resting spent in this place.
 E = Time spent auto-exploring this place.
 F = Levels seen in this place.
 G = Mean time per level.
                   A        B        C        D        E       F      G
               +--------+--------+--------+--------+--------+-----+--------+
         Total |   3162 |   3033 |    129 |     49 |   2462 |   4 |  790.5 |
       Dungeon |   3162 |   3033 |    129 |     49 |   2462 |   4 |  790.5 |
               +--------+--------+--------+--------+--------+-----+--------+

Top non-repeatable levels by time:
     D:1: 1103 daAuts
     D:2: 1070 daAuts
     D:3: 956 daAuts
     D:4: 32 daAuts
